 Dungeon Crawl Stone Soup version 0.30-a0-1082-g70414cbcbb (webtiles) character file.

Game seed: 17139908404835951668

285 themarg the Firebug (level 6, -4/61 HPs)
             Began as a Demonspawn Fire Elementalist on Apr 15, 2023.
             Was a High Priest of Ignis.
             Slain by a killer bee (5 damage)
             ... on level 5 of the Dungeon.
             The game lasted 00:10:32 (3501 turns).

themarg the Firebug (Demonspawn Fire Elementalist)  Turns: 3501, Time: 00:10:33

Health: -4/61      AC: 23    Str:  8    XL:     6   Next: 7%
Magic:  6/18       EV:  2    Int: 19    God:    Ignis [*****.]
Gold:   144        SH:  0    Dex: 15    Spells: 6/9 levels left

rFire   + + .      SeeInvis .    f - +2 short sword (vamp)
rCold   . . .      Faith    .    (no shield)
rNeg    . . .      Spirit   .    a - melded +0 robe
rPois   +          Reflect  .    (helmet currently unavailable)
rElec   +          Rampage  .    (cloak currently unavailable)
rCorr   .          NoTele   +    (gloves currently unavailable)
Will    .....                    (boots currently unavailable)
Stlth   ++                       (no amulet)
HPRegen 0.30/turn                l - ring "Fyggiogi" {rElec rF+ Dex+2}
MPRegen 0.16/turn                n - ring of magical power

@: mighty, brilliant, lethally poisoned (-4 -> -6), tree-form, hasted, studying
Short Blades, very quick
A: stationary, stasis, torment immunity, boosted hp, demonic guardian 2, ignite
blood 1, (weakness stinger 1)
a: Renounce Religion, Fiery Armour, Foxfire Swarm, Rising Flame


You were on level 5 of the Dungeon.
You worshipped Ignis.
Ignis was extremely pleased with you.
You were a tree.
You visited 1 branch of the dungeon, and saw 5 of its levels.

You collected 144 gold pieces.

Inventory:

Hand Weapons
 e - a +0 dagger
 f - a +2 vampiric short sword (weapon)
Missiles
 h - 17 stones
 r - 2 curare-tipped darts
 t - 5 poisoned darts
 u - 2 javelins
Armour
 a - a +0 robe (melded)
Jewellery
 l - the ring "Fyggiogi" (left branch) {rElec rF+ Dex+2}
   (You found it on level 2 of the Dungeon)

   [ring of protection from fire]

   Dex:       It affects your dexterity (+2).
   rF:        It protects you from fire.
   rElec:     It insulates you from electricity.
 n - a ring of magical power (right branch)
 o - a ring of see invisible
Scrolls
 d - a scroll of fog {unknown}
 j - 3 scrolls of teleportation
 m - a scroll of fear {unknown}
 p - a scroll of enchant armour {unknown}
 q - 2 scrolls of enchant weapon
Potions
 b - a potion of magic
 k - a potion of lignification
 s - a potion of curing {unknown}


   Skills:
 - Level 1.7 Dodging
 - Level 3.0 Stealth
 - Level 2.0 Spellcasting
 + Level 4.0 Conjurations
 + Level 4.4 Fire Magic


You had 6 spell levels left.
You knew the following spells:

 Your Spells              Type           Power      Damage    Failure   Level
a - Foxfire               Conj/Fire      100%       2x1d9     3%          1
b - Scorch                Fire           56%        2d7       4%          2

Your spell library contained the following spells:

 Spells                   Type           Power      Damage    Failure   Level
 Static Discharge         Conj/Air       28%        2-4/arc   11%         2
 Sting                    Tmut/Pois      8%         1d3       17%         1
 Inner Flame              Hex/Fire       15%        N/A       21%         3
 Volatile Blastmotes      Fire/Tloc      30%        2d12      21%         3
 Poisonous Vapours        Pois/Air       4%         N/A       26%         2
 Flame Wave               Conj/Fire      27%        2d9       28%         4
 Airstrike                Air            1%         2d(1-17)  86%         4
 Olgreb's Toxic Radiance  Pois           2%         N/A       86%         4
 Summon Lightning Spire   Summ/Air       2%         N/A       86%         4


Dungeon Overview and Level Annotations

Branches:
Dungeon (5/15)
 Temple: D:4-7

Altars:
Ignis


Innate Abilities, Weirdness & Mutations

You are a tree.
Your roots penetrate the ground, keeping you stationary.
You cannot be teleported.
You are immune to unholy pain and torment.
Your maximum health is greatly increased.
Your equipment is partially melded.
A demonic guardian rushes to your aid.
Your demonic aura sometimes causes spilled blood to erupt in flames.
((You have a small tail.))


Message History

You feel strangely unstable.
It was a scroll of teleportation.
The killer bee barely misses you. The killer bee stings you.
The killer bee stings you!
You are poisoned.
The killer bee poisons you!
The killer bee is engulfed in blazing flames.
The killer bee stings you!
* * * LOW HITPOINT WARNING * * *
A demonic guardian appears!
You are too injured to fight recklessly!
Okay, then.
Really quaff the potion of lignification?
You turn into a tree.
Your +0 robe melds into your body.
Your roots penetrate the ground.
You feel strangely stable.
* * * LOW HITPOINT WARNING * * *
You feel sick.
The killer bee is engulfed in blazing flames.
The killer bee stings you but does no damage. x3
Your shadow imp misses the killer bee.
The killer bee is engulfed in blazing flames.
You kill the killer bee!
Your Conjurations skill increases to level 4!
You have reached level 6!
Your demonic ancestry asserts itself...
Your guardian grows in power.
It was a potion of haste.
You feel yourself speed up.
* * * LOW HITPOINT WARNING * * *
You feel sick. The killer bee stings you.
* * * LOW HITPOINT WARNING * * *
Your shadow imp closely misses the killer bee.
The killer bee stings you.
* * * LOW HITPOINT WARNING * * *
It was a potion of might.
You feel very mighty all of a sudden.
The killer bee stings you but does no damage.
It was a potion of brilliance.
You feel clever all of a sudden.
* * * LOW HITPOINT WARNING * * *
You feel sick. The killer bee stings you.
You die...

## #.## ##...##
########.....##
#♣y5....).....#
#°####.......###
#y# #....>.....
#y# #...#.#####
#.# ##.## # #.#
#.# #.# #.# #.#
#.. #.# ##.


You could see 3 killer bees and a friendly shadow imp (summoned).

Vanquished Creatures
  A bullfrog (D:4)
  2 killer bees (D:5)
  Natasha (twice) (D:2)
  An adder (D:2)
  2 worms
  5 orcs (D:3)
  5 ball pythons
  7 bats
  3 endoplasms (D:3)
  3 giant cockroaches
  7 goblins
  8 hobgoblins
  2 jackals (D:2)
  A quokka (D:3)
  5 frilled lizards
  7 kobolds
  6 rats
67 creatures vanquished.

Vanquished Creatures (collateral kills)
  2 foxfires (D:2)
2 creatures vanquished.

Vanquished Creatures (others)
  104 foxfires
104 creatures vanquished.

Grand Total: 173 creatures vanquished

Notes
Turn   | Place    | Note
-------+----------+-------------------------------------------
     0 | D:1      | themarg the Demonspawn Fire Elementalist began the quest
                  | for the Orb.
     0 | D:1      | Reached XP level 1. HP: 13/13 MP: 3/3
   383 | D:1      | Gained mutation: Your demonic aura sometimes causes spilled
                  | blood to erupt in flames. [demonic ancestry]
   383 | D:1      | Reached XP level 2. HP: 19/19 MP: 1/5
  1177 | D:2      | Identified the ring "Fyggiogi" {rElec rF+ Dex+2}
  1182 | D:2      | Learned a level 2 spell: Scorch
  1363 | D:2      | Reached XP level 3. HP: 23/24 MP: 1/6
  1785 | D:2      | Found a faded altar of an unknown god.
  1801 | D:2      | Prayed at the altar of an unknown god.
  1801 | D:2      | Became a worshipper of Ignis, the Dying Flame
  1807 | D:2      | Noticed Natasha
  1812 | D:2      | Killed Natasha
  1813 | D:2      | Gained mutation: You have a small tail. [demonic ancestry]
  1813 | D:2      | Reached XP level 4. HP: 30/30 MP: 0/7
  2091 | D:2      | Noticed Natasha
  2204 | D:2      | Killed Natasha
  3352 | D:4      | Noticed a bullfrog
  3357 | D:4      | Killed a bullfrog
  3358 | D:4      | Gained mutation: A weak demonic guardian rushes to your
                  | aid. [demonic ancestry]
  3358 | D:4      | Reached XP level 5. HP: 35/35 MP: 0/8
  3469 | D:4      | You fall into a shaft and drop 1 floor!
  3469 | D:5      | Entered Level 5 of the Dungeon
  3499 | D:5      | Gained mutation: A demonic guardian rushes to your aid.
                  | [demonic ancestry]
  3499 | D:5      | Reached XP level 6. HP: 4/41 MP: 6/9
  3499 | D:5      | HP: 3/61 [poisoned by a killer bee]
  3499 | D:5      | HP: 1/61 [killer bee (1)]
  3501 | D:5      | Slain by a killer bee

Illustrated notes

Levels and vault maps discovered:
D:1:      spicycebolla_green_bress_n_ham_2, layout_loops_corners,
          minmay_pentomino_p2
D:2:      layout_loops_ring, basic_ecumenical_altar, uniq_natasha
D:3:      layout_basic
D:4:      layout_basic, nicolae_uskayaw_suspiria, old_standard_altar,
          minmay_misc_feat_roman, minmay_manual_moon
D:5:      layout_loops_ring, chequers_serial_rivers_marsh, uniq_prince_ribbit1,
          uniq_duvessa

Skill      XL: |  1  2  3  4  5 |
---------------+----------------+-----
Stealth        | 2 3 |  3.0
Fire Magic     | 3 4 |  4.4
Conjurations   | 2 3 4 |  4.0
Dodging        | |  1.7
Spellcasting   | |  2.0

Action                     |  1- 3 |  4- 6 || total
---------------------------+-------+-------++-------
  Melee: Short sword       |    18 |    42 ||    60
         Unarmed           |     2 |       ||     2
         Tailslap          |       |     6 ||     6
   Cast: Foxfire           |    44 |    26 ||    70
         Scorch            |    11 |    21 ||    32
    Use: Scroll            |       |     3 ||     3
         Potion            |       |     4 ||     4
 Armour: Robe              |     3 |     7 ||    10
         Skin              |       |     4 ||     4
  Dodge: Dodged            |    24 |    31 ||    55

Table legend: (Time is in decaauts)
 A = Elapsed time spent in this place.
 B = Non-inter-level travel time spent in this place.
 C = Inter-level travel time spent in this place.
 D = Time resting spent in this place.
 E = Time spent auto-exploring this place.
 F = Levels seen in this place.
 G = Mean time per level.
                   A        B        C        D        E       F      G
               +--------+--------+--------+--------+--------+-----+--------+
         Total |   3498 |   3358 |    140 |    157 |   2759 |   5 |  699.6 |
       Dungeon |   3498 |   3358 |    140 |    157 |   2759 |   5 |  699.6 |
               +--------+--------+--------+--------+--------+-----+--------+

Top non-repeatable levels by time:
     D:2: 1169 daAuts
     D:1: 1161 daAuts
     D:3: 1102 daAuts
     D:4: 34 daAuts
     D:5: 30 daAuts
